 Dungeon Crawl Stone Soup version 0.27-a0-1555-g0e7b3fb1d2 (webtiles) character file.

Game seed: 3774699001429870218

921 lunkers the Grappler (level 8, -23/61 HPs)
             Began as a Ghoul Warper on July 14, 2021.
             Annihilated by an ogre (27 damage)
             ... on level 5 of the Dungeon.
             The game lasted 00:05:57 (4904 turns).

lunkers the Grappler (Ghoul Warper)                 Turns: 4904, Time: 00:05:58

Health: -23/61     AC:  8    Str: 27    XL:     8   Next: 10%
Magic:  9/9        EV:  8    Int:  8    God:
Gold:   179        SH:  0    Dex: 10    Spells: 10/10 levels left

rFire    . . .     SeeInvis .     - Unarmed
rCold    + . .     Faith    .   (no shield)
rNeg     + + +     Spirit   .   m - +0 chain mail
rPois    ∞         Reflect  .   (no helmet)
rElec    .         Harm     .   (no cloak)
rCorr    .         Rampage  .   (no gloves)
Will     .....                  (no boots)
Stlth    ..........             (no amulet)
HPRegen  0.00/turn              r - +6 ring of strength
MPRegen  0.11/turn              q - +6 ring of strength

@: no status effects
A: claws 1, cold resistance 1, negative energy resistance 3, inhibited
regeneration, torment resistance 2
a: no special abilities


You were on level 5 of the Dungeon.
You visited 1 branch of the dungeon, and saw 6 of its levels.

You collected 179 gold pieces.

Inventory:

Missiles
 c - 5 boomerangs of dispersal
 s - 8 boomerangs
 G - a curare-tipped dart
 J - 2 throwing nets
Armour
 a - a +0 leather armour
 m - a +0 chain mail (worn)
 n - a scarf of harm
Jewellery
 q - a +6 ring of strength (right claw)
 r - a +6 ring of strength (left claw)
 u - a ring of poison resistance
 v - an amulet of faith
Wands
 y - a wand of polymorph (4)
 H - a wand of mindburst (5)
Scrolls
 b - a scroll of blinking
 d - a scroll of torment {unknown}
 f - 3 scrolls of identify {unknown}
 g - 3 scrolls of amnesia {unknown}
 h - a scroll of acquirement {unknown}
 i - a scroll of fear {unknown}
 j - 3 scrolls of teleportation {unknown}
 k - a scroll of magic mapping {unknown}
 l - a scroll of vulnerability {unknown}
 t - a scroll of enchant weapon {unknown}
 w - a scroll of enchant armour {unknown}
 I - a scroll of silence {unknown}
Potions
 e - a potion of invisibility {unknown}
 o - a potion of cancellation {unknown}
 p - 4 potions of curing {unknown}
 x - 3 potions of haste {unknown}
 z - a potion of flight {unknown}
 A - a potion of resistance {unknown}
 B - 2 potions of berserk rage {unknown}
 C - a potion of might {unknown}
 D - a potion of brilliance {unknown}
 E - a potion of lignification {unknown}
 F - a potion of attraction {unknown}


   Skills:
 - Level 2.1 Fighting
 - Level 0.8 Throwing
 - Level 0.8 Armour
 - Level 1.7 Dodging
 * Level 10.0 Unarmed Combat
 - Level 1.7 Spellcasting
 - Level 2.6 Translocations


You had 10 spell levels left.
You didn't know any spells.
Your spell library contained the following spells:

 Spells                   Type           Power      Damage    Failure   Level
 Blink                    Tloc           N/A        N/A       77%         2
 Corona                   Hex            0%         N/A       94%         1
 Gell's Gravitas          Tloc           2%         N/A       94%         3
 Lesser Beckoning         Tloc           2%         N/A       94%         3
 Teleport Other           Tloc           5%         N/A       94%         3
 Ensorcelled Hibernation  Hex/Ice        0%         N/A       98%         2
 Ignite Poison            Fire/Tmut/Pois 0%         N/A       100%        3
 Mephitic Cloud           Conj/Pois/Air  0%         N/A       100%        3
 Tukima's Dance           Hex            0%         N/A       100%        3
 Bolt of Magma            Conj/Fire/Erth 0%         4d4       100%        5
 Manifold Assault         Tloc           5%         N/A       100%        5


Dungeon Overview and Level Annotations

Branches:
Dungeon (6/15)
 Temple: D:4-7

Altars:
Sif Muna


Innate Abilities, Weirdness & Mutations

You thrive by killing the living.
You are immune to poison.
You have sharp fingernails.
Your flesh is cold resistant. (rC+)
You are immune to negative energy. (rN+++)
You do not regenerate when monsters are visible.
You are immune to unholy pain and torment.


Message History

You scratch the gnoll but do no damage.
The gnoll is heavily wounded.
The gnoll hits you with a +0 spear.
You barely miss the gnoll.
The gnoll is heavily wounded.
The gnoll hits you but does no damage. The gnoll closely misses you.
You claw the gnoll!
You kill the gnoll!
The gnoll hits you from afar with a +0 halberd.
Things that are here:
a +1 short sword of speed; a +0 flail; an orc corpse
There is an open door here.
There is a stone staircase leading up here.
You scratch the orc.
The orc is lightly wounded.
The orc barely misses you.
You closely miss the orc.
The orc is lightly wounded.
The orc hits you but does no damage. The ogre hits you with a +0 giant club!
* * * LOW HITPOINT WARNING * * *
You climb upwards.
There is a stone staircase leading down here.
The orc closely misses you.
The orc hits you with a +0 vorpal flail.
* * * LOW HITPOINT WARNING * * *
* * * LOW HITPOINT WARNING * * *
The orc hits you but does no damage.
You claw the orc!
You kill the orc!
The ogre hits you with a +0 giant club!
* * * LOW HITPOINT WARNING * * *
You see here a +0 vorpal flail.
That's the wrong kind of item! (Use * to select it.) Evoke which item? (* to show all) (? for menu, Esc to quit)
Aiming: Mindburst
Press: ? - help, Shift-Dir - straight line, f - ogre
Aim: an ogre, wielding a +0 giant club (chance to affect: 65%)
The ogre's mind is blasted!
The ogre hits you with a +0 giant club!!
You die...

...####.##..........#....#.####..
#### #.##.#.##.#.#.#....#.......
'..# #.##.#..........^..#.####..
#.)####.##.#..#.#.#......#.####..
###....###<#....#.#.#............
# ###### #.#.####.#.#.......#.#..
# #####÷#......#.#.##.####.##.
######.......######.#.......#.##.
..........>....O@................
##.###.......######.#######.#.###
#.# #.......####........##.#.#
#.# #...................##.#.#
#.###.......##.#........##.#.#
#...##########.###.#.........###
#...# #...##.# #.#............
#...# #...##.###.#.#...#.#)###
#...# #...##.....#.#.....#)#


You could see an ogre.

Vanquished Creatures
  An ice beast (D:5)
  A black bear (D:5)
  An ogre (D:5)
  A kobold brigand (D:5)
  A howler monkey (D:4)
  A centaur zombie (D:5)
  4 hounds
  3 iguanas
  Ijyb (D:4)
  An orc wizard (D:5)
  A howler monkey zombie (D:5)
  8 gnolls
  6 adders
  A white imp (D:6)
  2 ufetubi (D:5)
  A dart slug (D:3)
  9 orcs
  9 ball pythons
  6 endoplasms
  A giant cockroach (D:3)
  8 goblins
  7 hobgoblins
  8 jackals
  11 kobolds
  6 quokkas
  4 bats
  A frilled lizard (D:1)
  2 rats
106 creatures vanquished.

Notes
Turn   | Place    | Note
-------+----------+-------------------------------------------
     0 | D:1      | lunkers the Ghoul Warper began the quest for the Orb.
     0 | D:1      | Reached XP level 1. HP: 17/17 MP: 2/2
   419 | D:1      | Reached skill level 3 in Unarmed Combat
   419 | D:1      | Reached XP level 2. HP: 24/24 MP: 3/3
   599 | D:1      | Found a faded altar of an unknown god.
  1031 | D:2      | Reached XP level 3. HP: 28/29 MP: 4/4
  1286 | D:2      | Reached skill level 4 in Unarmed Combat
  2128 | D:3      | Reached XP level 4. HP: 36/36 MP: 5/5
  2314 | D:3      | Reached skill level 5 in Unarmed Combat
  2704 | D:3      | Found a shimmering blue altar of Sif Muna.
  2765 | D:4      | Reached XP level 5. HP: 41/41 MP: 6/6
  2977 | D:4      | Reached skill level 6 in Unarmed Combat
  3161 | D:4      | Reached XP level 6. HP: 40/48 MP: 7/7
  3232 | D:4      | Noticed Ijyb
  3244 | D:4      | Killed Ijyb
  3444 | D:5      | Entered Level 5 of the Dungeon
  3464 | D:5      | Reached skill level 7 in Unarmed Combat
  4249 | D:5      | Reached skill level 8 in Unarmed Combat
  4249 | D:5      | Reached XP level 7. HP: 55/55 MP: 8/8
  4566 | D:5      | Reached skill level 9 in Unarmed Combat
  4672 | D:5      | Reached skill level 10 in Unarmed Combat
  4672 | D:5      | Reached XP level 8. HP: 35/61 MP: 9/9
  4904 | D:5      | Annihilated by an ogre

Illustrated notes

Levels and vault maps discovered:
D:1:      saegor_arrival_simple_e, layout_rooms,
          shapermc_ecumenical_altar_mp_ritualfount,
          kennysheep_decorative_pillar, st_stairs_1, kennysheep_another_room
D:2:      kennysheep_big_flooded_room, layout_basic, minmay_tetromino_t2
D:3:      layout_basic, lemuel_blue_sif_altar, serial_park_tiny_pond
D:4:      layout_basic, uniq_ijyb
D:5:      minmay_chambers_of_fours, layout_basic
D:6:      layout_basic, minitemple, minmay_temple_entry_stoned_glass

Skill      XL: |  1  2  3  4  5  6  7 |
---------------+----------------------+-----
Unarmed Combat | 3 4 5 6 8 10 | 10.0
Fighting       | |  2.1
Throwing       | |  0.8
Armour         | |  0.8
Dodging        | |  1.7
Spellcasting   | |  1.7
Translocations | |  2.6

Action                   |  1- 3 |  4- 6 |  7- 9 || total
-------------------------+-------+-------+-------++-------
Melee: Unarmed           |   134 |   149 |    78 ||   361
       Punch             |       |     4 |     4 ||     8
Evoke: Wand              |       |       |     2 ||     2
Armor: Leather armour    |    32 |       |       ||    32
       Chain mail        |    13 |    62 |    30 ||   105
Dodge: Dodged            |    90 |    48 |    35 ||   173

Table legend: (Time is in decaauts)
 A = Elapsed time spent in this place.
 B = Non-inter-level travel time spent in this place.
 C = Inter-level travel time spent in this place.
 D = Time resting spent in this place.
 E = Time spent auto-exploring this place.
 F = Levels seen in this place.
 G = Mean time per level.
                   A        B        C        D        E       F      G
               +--------+--------+--------+--------+--------+-----+--------+
         Total |   4864 |   4657 |    207 |      0 |   4017 |   6 |  810.7 |
       Dungeon |   4864 |   4657 |    207 |      0 |   4017 |   6 |  810.7 |
               +--------+--------+--------+--------+--------+-----+--------+

Top non-repeatable levels by time:
     D:5: 1411 daAuts
     D:1: 917 daAuts
     D:2: 917 daAuts
     D:3: 889 daAuts
     D:4: 699 daAuts
     D:6: 29 daAuts
